 Dungeon Crawl Stone Soup version 0.22-a0-392-g5dc3fd9af9 (webtiles) character file.

750 flinch the Shield-Bearer (level 7, -2/60 HPs)
             Began as a Gnoll Fighter on May 1, 2018.
             Was a Follower of Sif Muna.
             Slain by Prince Ribbit the spiny frog (shapeshifter) (17 damage)
             ... on level 5 of the Dungeon.
             The game lasted 00:07:37 (3881 turns).

flinch the Shield-Bearer (Gnoll Fighter)            Turns: 3881, Time: 00:07:38

Health: -2/60      AC: 15    Str: 18    XL:     7   Next: 78%
Magic:  10/10      EV:  5    Int: 15    God:    Sif Muna [*.....]
Gold:   90         SH: 11    Dex: 15    Spells: 11/11 levels left

rFire    . . .     SeeInvis .   a - +0 war axe
rCold    . . .     Gourm    .   c - +0 shield
rNeg     . . .     Faith    .   x - +0 plate armour
rPois    .         Spirit   .   k - +0 helmet {Int+3}
rElec    .         Reflect  .   (no cloak)
rCorr    .         Harm     .   (no gloves)
MR       .....     Rnd*Tele +   B - +0 pair of boots
Stlth    ..........             (no amulet)
HPRegen  0.20/turn              o - ring of teleportation (curse)
MPRegen  0.12/turn              (no ring)

@: no status effects
A: distributed training, fangs 1, strong nose
a: Divine Energy, Renounce Religion


You were on level 5 of the Dungeon.
You worshipped Sif Muna.
Sif Muna was aware of your devotion.
You were very hungry.

You visited 2 branches of the dungeon, and saw 6 of its levels.

You collected 180 gold pieces.
You spent 90 gold pieces at shops.

Inventory:

Hand Weapons
 a - a +0 war axe (weapon)
 b - a +0 hunting sling of flaming
 s - a +0 hunting sling
Missiles
 g - 54 sling bullets
 j - 5 tomahawks (quivered)
 m - 112 arrows
 y - 8 poisoned needles
 D - 18 bolts
Armour
 c - a +0 shield (worn)
 k - a +0 helmet of intelligence (worn)
 x - a +0 plate armour (worn)
 B - a +0 pair of boots (worn)
Jewellery
 o - a cursed ring of teleportation (left hand)
Wands
 q - a wand of polymorph (3)
Scrolls
 e - 2 scrolls of amnesia
 h - 3 scrolls of teleportation
 i - a scroll of identify
 n - 2 scrolls of enchant weapon
 r - 2 scrolls of fog
 t - 2 scrolls of remove curse {unknown}
 v - a scroll of fear {unknown}
 w - 2 scrolls of random uselessness {unknown}
 C - 3 scrolls of immolation
Potions
 d - a potion of might
 l - 2 potions of curing
 u - a potion of lignification {unknown}
 A - a potion of mutation
Comestibles
 f - 12 rations


   Skills:
 + Level 7.1 Fighting
 + Level 2.6 Short Blades
 + Level 2.6 Long Blades
 + Level 5.3 Axes
 + Level 2.6 Maces & Flails
 + Level 2.6 Polearms
 + Level 2.6 Staves
 + Level 2.6 Slings
 + Level 2.6 Bows
 + Level 2.6 Crossbows
 + Level 2.6 Throwing
 + Level 7.1 Armour
 + Level 2.6 Dodging
 + Level 2.6 Stealth
 + Level 7.1 Shields
 + Level 2.6 Unarmed Combat
 + Level 2.6 Spellcasting
 + Level 2.1 Conjurations
 + Level 2.1 Hexes
 + Level 2.1 Charms
 + Level 2.1 Summonings
 + Level 2.1 Necromancy
 + Level 2.1 Translocations
 + Level 2.1 Transmutations
 + Level 2.1 Fire Magic
 + Level 2.1 Ice Magic
 + Level 2.1 Air Magic
 + Level 2.1 Earth Magic
 + Level 2.1 Poison Magic
 + Level 2.9 Invocations
 + Level 2.6 Evocations


You had 11 spell levels left.
You didn't know any spells.

Dungeon Overview and Level Annotations

Branches:
Dungeon (5/15)             Temple (1/1) D:4

Altars:
Ashenzari
Cheibriados
Elyvilon
Fedhas
Gozag
Hepliaklqana
Kikubaaqudgha
Nemelex Xobeh
Okawaru
Qazlal
Sif Muna
Trog
Uskayaw
Vehumet
Wu Jian
Xom
Yredelemnul
Zin
The Shining One

Annotations:
D:5 Prince Ribbit


Innate Abilities, Weirdness & Mutations

Your experience applies equally to all skills.
You have very sharp teeth.
Your uncanny sense of smell can sniff out nearby items.


Message History

You are more poisoned.
Prince Ribbit poisons you!
Prince Ribbit stings you but does no damage.
You feel better. You block Prince Ribbit's attack.
You closely miss Prince Ribbit.
Prince Ribbit is heavily wounded.
Prince Ribbit stings you but does no damage.
Prince Ribbit barely misses you.
You hit Prince Ribbit.
Prince Ribbit is severely wounded.
Prince Ribbit stings you but does no damage.
You hit Prince Ribbit.
Prince Ribbit is severely wounded.
Prince Ribbit stings you.
* * * LOW HITPOINT WARNING * * *
You block Prince Ribbit's attack.
You hit Prince Ribbit.
Prince Ribbit is severely wounded.
Prince Ribbit stings you!
You die...

#...#......#..#.##.#####.#
................>.........
..........#....#.#..#####..
.##.....#..#....#.#..#####.. ..
#.#...........#...........
........................
.##.....#................
.........F............... #....#
#.#....@...).##########. #....#
..#.#.....)............... #....#
#.#.#............######### #....#
#.#..............##.###### #....#
#...#..................... #....#
#...###..#.....#.##..###.# #....#
#.....................##.#
#....###...###..#.....#.###.###.#
#.....##....##..#.....#.# #.# #.#


You could see Prince Ribbit the spiny frog shaped shifter.

Vanquished Creatures
  An ogre (D:5)
  A centaur (D:5)
  A howler monkey (D:5)
  A crimson imp (D:5)
  4 orc wizards
  2 centaur skeletons
  An orc priest (D:3)
  A jelly (D:4)
  2 bullfrog skeletons (D:4)
  Natasha (thrice) (D:2)
  A worker ant (D:4)
  Robin (D:3)
  4 adders
  2 worms
  A dart slug (D:1)
  6 leopard geckos
  12 orcs
  5 bats
  2 giant cockroaches (D:2)
  15 goblins
  2 hobgoblins
  4 jackals (D:1)
  8 kobolds
  3 quokkas
  A ball python (D:4)
  4 frilled lizards
  5 rats
93 creatures vanquished.

Notes
Turn   | Place    | Note
-------+----------+-------------------------------------------
     0 | D:1      | flinch the Gnoll Fighter began the quest for the Orb.
     0 | D:1      | Reached XP level 1. HP: 23/23 MP: 1/1
   197 | D:1      | Reached XP level 2. HP: 29/29 MP: 2/2
   424 | D:1      | Reached XP level 3. HP: 33/35 MP: 3/3
   762 | D:2      | Noticed Natasha
   769 | D:2      | Killed Natasha
   769 | D:2      | Reached skill level 1 in Short Blades
   769 | D:2      | Reached skill level 1 in Long Blades
   769 | D:2      | Reached skill level 1 in Maces & Flails
   769 | D:2      | Reached skill level 1 in Polearms
   769 | D:2      | Reached skill level 1 in Staves
   769 | D:2      | Reached skill level 1 in Slings
   769 | D:2      | Reached skill level 1 in Bows
   769 | D:2      | Reached skill level 1 in Crossbows
   769 | D:2      | Reached skill level 1 in Throwing
   769 | D:2      | Reached skill level 1 in Dodging
   769 | D:2      | Reached skill level 1 in Stealth
   769 | D:2      | Reached skill level 1 in Unarmed Combat
   769 | D:2      | Reached skill level 1 in Spellcasting
   769 | D:2      | Reached skill level 1 in Invocations
   769 | D:2      | Reached skill level 1 in Evocations
   769 | D:2      | Reached XP level 4. HP: 40/41 MP: 5/5
   840 | D:2      | Noticed Natasha
   849 | D:2      | Killed Natasha
   849 | D:2      | Reached skill level 1 in Conjurations
   849 | D:2      | Reached skill level 1 in Hexes
   849 | D:2      | Reached skill level 1 in Charms
   849 | D:2      | Reached skill level 1 in Summonings
   849 | D:2      | Reached skill level 1 in Necromancy
   849 | D:2      | Reached skill level 1 in Translocations
   849 | D:2      | Reached skill level 1 in Transmutations
   849 | D:2      | Reached skill level 1 in Fire Magic
   849 | D:2      | Reached skill level 1 in Ice Magic
   849 | D:2      | Reached skill level 1 in Air Magic
   849 | D:2      | Reached skill level 1 in Earth Magic
   849 | D:2      | Reached skill level 1 in Poison Magic
   909 | D:2      | Found a glowing golden altar of the Shining One.
   980 | D:2      | Found a deep blue altar of Sif Muna.
  1151 | D:2      | Noticed Natasha
  1243 | D:2      | Became a worshipper of Sif Muna the Loreminder
  1395 | D:2      | Killed Natasha
  1395 | D:2      | Reached XP level 5. HP: 47/47 MP: 6/6
  1820 | D:3      | Reached XP level 6. HP: 53/53 MP: 8/8
  2044 | D:3      | Noticed Robin
  2056 | D:3      | Killed Robin
  2336 | D:4      | Found a staircase to the Ecumenical Temple.
  2469 | D:4      | Reached skill level 5 in Axes
  2648 | D:4      | Found a stormy altar of Qazlal.
  3000 | Temple   | Entered the Ecumenical Temple
  3223 | D:5      | Entered Level 5 of the Dungeon
  3254 | D:5      | Found Zin's Purification Station.
  3279 | D:5      | Reached XP level 7. HP: 52/59 MP: 10/10
  3309 | D:5      | Found a glowing silver altar of Zin.
  3334 | D:5      | Reached * piety under Sif Muna
  3343 | D:5      | Bought a potion of curing for 90 gold pieces
  3569 | D:5      | Noticed Prince Ribbit
  3589 | D:5      | Noticed Prince Ribbit
  3589 | D:5      | Prince Ribbit changed into Prince Ribbit the shapeshifter
  3590 | D:5      | Noticed Prince Ribbit
  3590 | D:5      | Prince Ribbit the shapeshifter changed into Prince Ribbit the fire crab
  3591 | D:5      | Noticed Prince Ribbit
  3591 | D:5      | Prince Ribbit the fire crab changed into Prince Ribbit the shapeshifter
  3591 | D:5      | Noticed Prince Ribbit
  3591 | D:5      | Prince Ribbit the shapeshifter changed into Prince Ribbit the rime drake
  3599 | D:5      | HP: 3/60 [Prince Ribbit the rime drake (shapeshifter) (2)]
  3859 | D:5      | Noticed Prince Ribbit
  3867 | D:5      | Noticed Prince Ribbit
  3867 | D:5      | Prince Ribbit the orb spider changed into Prince Ribbit the spiny frog
  3881 | D:5      | Slain by Prince Ribbit the spiny frog (shapeshifter)

Vault maps used:
D:1:      minmay_arrival_radiant_lines
D:2:      old_standard_altar, lemuel_blue_sif_altar, uniq_natasha
D:3:      uniq_robin
D:4:      grunt_qazlal_clouds, minmay_temple_entry_butterflies, first_ration
D:5:      lemuel_crystal_altar, zin_purify, uniq_prince_ribbit1,
          uniq_crazy_yiuf_cottage
Temple:   regret_index_temple_generic_petals

Skill      XL: |  1  2  3  4  5  6  7 |
---------------+----------------------+-----
Short Blades   | 1 2 |  2.6
Long Blades    | 1 2 |  2.6
Maces & Flails | 1 2 |  2.6
Polearms       | 1 2 |  2.6
Staves         | 1 2 |  2.6
Slings         | 1 2 |  2.6
Bows           | 1 2 |  2.6
Crossbows      | 1 2 |  2.6
Throwing       | 1 2 |  2.6
Dodging        | 1 2 |  2.6
Stealth        | 1 2 |  2.6
Unarmed Combat | 1 2 |  2.6
Spellcasting   | 1 2 |  2.6
Invocations    | 1 2 |  2.9
Evocations     | 1 2 |  2.6
Conjurations   | 1 2 |  2.1
Hexes          | 1 2 |  2.1
Charms         | 1 2 |  2.1
Summonings     | 1 2 |  2.1
Necromancy     | 1 2 |  2.1
Translocations | 1 2 |  2.1
Transmutations | 1 2 |  2.1
Fire Magic     | 1 2 |  2.1
Ice Magic      | 1 2 |  2.1
Air Magic      | 1 2 |  2.1
Earth Magic    | 1 2 |  2.1
Poison Magic   | 1 2 |  2.1
Axes           | 5 |  5.3
Fighting       | 7 |  7.1
Armour         | 7 |  7.1
Shields        | 7 |  7.1

Action                   |  1- 3 |  4- 6 |  7- 9 || total
-------------------------+-------+-------+-------++-------
Melee: War axe           |    83 |   179 |    85 ||   347
       Bite              |     7 |    21 |    15 ||    43
       Unarmed           |       |     3 |       ||     3
 Fire: Hunting sling     |       |    25 |     1 ||    26
Throw: Tomahawk          |       |       |     2 ||     2
Evoke: Wand              |       |       |     2 ||     2
  Use: Scroll            |       |     2 |     5 ||     7
       Potion            |       |     1 |     2 ||     3
  Eat: Chunk             |       |     7 |     2 ||     9
Armor: Scale mail        |    42 |    51 |       ||    93
       Skin              |       |     9 |       ||     9
       Plate armour      |       |    48 |    69 ||   117
Dodge: Dodged            |    30 |    40 |    15 ||    85
Block: Shield            |    60 |   120 |    50 ||   230

Table legend:
 A = Spawn XP
 B = Non-spawn XP
 C = Spawn XP percentage of total XP
 D = Spawn monster count
 E = Non-spawn monster count
 F = Spawn count percentage of total count
 G = Total turns spent on level
                    A         B        C        D         E        F      G
               +---------+---------+-------+---------+---------+-------+---------
         Total |       0 |    1072 |   0.0 |       0 |      93 |   0.0 |  3881
               +---------+---------+-------+---------+---------+-------+---------
           D:1 |       0 |      34 |   0.0 |       0 |      17 |   0.0 |   666
           D:2 |       0 |     148 |   0.0 |       0 |      20 |   0.0 |   858
           D:3 |       0 |     191 |   0.0 |       0 |      35 |   0.0 |   803
           D:4 |       0 |     193 |   0.0 |       0 |       7 |   0.0 |   905
           D:5 |       0 |     506 |   0.0 |       0 |      14 |   0.0 |   438
               +---------+---------+-------+---------+---------+-------+---------
